NYP
MAHONING VALLEY SCRAPPERS @ LOWELL SPINNERS
04/17/2048
 
TOP OF THE 1ST
Mahoning Valley Scrappers batting - Pitching for Lowell Spinners : RHP Ryuhei Shimabukuro
Pitching: RHP Ryuhei Shimabukuro
Batting: RHB Ricky Cordova 0-0: Ball
1-0: Foul Ball, location: 2F
1-1: Ball
2-1: Ball
3-1: Foul Ball, location: 2F
3-2: Base on Balls
Batting: RHB Leo Candelas 0-0: Ball
1-0: Called Strike
1-1: Swinging Strike
1-2: Ball
2-2: Strikes out looking
Batting: RHB John Shaffer 0-0: Called Strike
0-1: Swinging Strike
0-2: Foul Ball, location: 2F
0-2: Ball
Ricky Cordova is caught stealing 2nd base 2-4
1-2: Foul Ball, location: 2F
1-2: Ball
2-2: Ground out 4-3 (Groundball, 34, EV 81.9 MPH)
Top of the 1st over - 0 runs, 0 hits, 0 errors, 0 left on base; Mahoning Valley 0 - Lowell 0
BOTTOM OF THE 1ST
Lowell Spinners batting - Pitching for Mahoning Valley Scrappers : LHP Steve Johnson
Pitching: LHP Steve Johnson
Batting: RHB Aukukero Tairi 0-0: SINGLE (Groundball, 25, EV 73.1 MPH) (infield hit)
Batting: RHB Curt Stallings 0-0: Called Strike
0-1: Called Strike
Aukukero Tairi is caught stealing 2nd base 2-4
0-2: Ball
1-2: Strikes out swinging
Batting: RHB Xavier Joslin 0-0: Ball
1-0: Ground out 5-3 (Groundball, 5S, EV 91.9 MPH)
Bottom of the 1st over - 0 runs, 1 hit, 0 errors, 0 left on base; Mahoning Valley 0 - Lowell 0
TOP OF THE 2ND
Mahoning Valley Scrappers batting - Pitching for Lowell Spinners : RHP Ryuhei Shimabukuro
Batting: LHB Dave Key 0-0: Swinging Strike
0-1: Foul Ball, location: 2F
0-2: Ball
1-2: Ball
2-2: Fly out, F7 (Line Drive, 7LS, EV 92.5 MPH)
Batting: RHB Kevin Wiles 0-0: Foul Ball, location: 2F
0-1: Swinging Strike
0-2: Foul Ball, location: 2F
0-2: Fly out, F9 (Flyball, 9D, EV 93.1 MPH)
Batting: RHB Justin Young 0-0: Called Strike
0-1: Swinging Strike
0-2: Ball
1-2: Ball
2-2: Ball
3-2: Strikes out swinging
Top of the 2nd over - 0 runs, 0 hits, 0 errors, 0 left on base; Mahoning Valley 0 - Lowell 0
BOTTOM OF THE 2ND
Lowell Spinners batting - Pitching for Mahoning Valley Scrappers : LHP Steve Johnson
Batting: RHB Guillermo Quintero 0-0: Ball
1-0: Ball
2-0: Foul Ball, location: 2F
2-1: Ball
3-1: Base on Balls
Batting: RHB Matt Parker 0-0: Foul Ball, location: 2F
0-1: Ball
1-1: Fielders Choice at 2nd, 1-4 (Groundball, 15S, EV 69.4 MPH)
Batting: RHB Mario Arriero 0-0: Called Strike
0-1: DOUBLE (Line Drive, 78D, EV 106.2 MPH)
Matt Parker to third
Batting: RHB Mike Strey 0-0: Ball
1-0: SINGLE (Line Drive, 4MD, EV 95.0 MPH)
Matt Parker scores
Mario Arriero to third
Batting: RHB Jose Molina 0-0: Ball
1-0: Ball
2-0: Called Strike
2-1: Swinging Strike
2-2: Strikes out looking
Batting: RHB Willie Camacho 0-0: Ball
1-0: Called Strike
1-1: Ball
2-1: Foul Ball, location: 2F
2-2: Ball
3-2: Fly out, F8 (Flyball, 8LM, EV 86.2 MPH)
Bottom of the 2nd over - 1 run, 2 hits, 0 errors, 2 left on base; Mahoning Valley 0 - Lowell 1
TOP OF THE 3RD
Mahoning Valley Scrappers batting - Pitching for Lowell Spinners : RHP Ryuhei Shimabukuro
Batting: RHB Aaron Stout 0-0: Called Strike
0-1: Ball
1-1: Ball
2-1: Swinging Strike
2-2: SINGLE (Groundball, 3D, EV 105.0 MPH)
Batting: RHB Leo Villa 0-0: DOUBLE (Groundball, 5L, EV 107.5 MPH)
Aaron Stout to third
Batting: RHB Juan Ordonez 0-0: Ball
1-0: Ball
2-0: Ground out 3-1 (Groundball, 34S, EV 66.9 MPH)
Aaron Stout scores
Leo Villa to third
Batting: RHB Ricky Cordova 0-0: Swinging Strike
0-1: 2-RUN HOME RUN (Flyball, 7D, EV 98.1 MPH), Distance : 387 ft
Batting: RHB Leo Candelas 0-0: TRIPLE (Groundball, 3L, EV 98.1 MPH)
Batting: RHB John Shaffer 0-0: Called Strike
0-1: Ball
1-1: Swinging Strike
1-2: Strikes out looking
Batting: LHB Dave Key 0-0: Called Strike
0-1: Ball
1-1: Swinging Strike
1-2: Strikes out swinging
Top of the 3rd over - 3 runs, 4 hits, 0 errors, 1 left on base; Mahoning Valley 3 - Lowell 1
BOTTOM OF THE 3RD
Lowell Spinners batting - Pitching for Mahoning Valley Scrappers : LHP Steve Johnson
Batting: RHB Aukukero Tairi 0-0: DOUBLE (Flyball, 8RXD, EV 101.2 MPH)
Batting: RHB Curt Stallings 0-0: Foul Ball, location: 2F
0-1: Foul Ball, location: 2F
0-2: Ball
1-2: Ball
2-2: SINGLE (Groundball, 4, EV 100.6 MPH)
Aukukero Tairi to third
Runner from 3rd tries for Home, SAFE, throw by RF to home
Batting: RHB Xavier Joslin 0-0: Called Strike
0-1: Foul Ball, location: 2F
0-2: Ball
1-2: Ball
2-2: Foul Ball, location: 2F
2-2: Ball
3-2: SINGLE (Groundball, 3D, EV 103.1 MPH)
Curt Stallings to second
Runner from 2nd tries for 3rd, OUT! 9-5
Batting: RHB Guillermo Quintero 0-0: Ball
1-0: Ball
2-0: Called Strike
2-1: Called Strike
2-2: Ball
3-2: Fly out, F8 (Flyball, 8LM, EV 92.5 MPH)
Batting: RHB Matt Parker 0-0: Ball
1-0: Called Strike
1-1: Ball
2-1: Swinging Strike
2-2: Ground out 4-3 (Groundball, 4, EV 85.0 MPH)
Bottom of the 3rd over - 1 run, 3 hits, 0 errors, 1 left on base; Mahoning Valley 3 - Lowell 2
TOP OF THE 4TH
Mahoning Valley Scrappers batting - Pitching for Lowell Spinners : RHP Ryuhei Shimabukuro
Batting: RHB Kevin Wiles 0-0: Called Strike
0-1: Called Strike
0-2: Ball
1-2: Ground out U3 (Groundball, 3, EV 100.0 MPH)
Batting: RHB Justin Young 0-0: Ball
1-0: Foul Ball, location: 2F
1-1: Swinging Strike
1-2: Foul Ball, location: 2F
1-2: Ball
2-2: Strikes out swinging
Batting: RHB Aaron Stout 0-0: Foul Ball, location: 2F
0-1: Ball
1-1: Fly out, F7 (Flyball, 78S, EV 92.5 MPH)
Top of the 4th over - 0 runs, 0 hits, 0 errors, 0 left on base; Mahoning Valley 3 - Lowell 2
BOTTOM OF THE 4TH
Lowell Spinners batting - Pitching for Mahoning Valley Scrappers : LHP Steve Johnson
Batting: RHB Mario Arriero 0-0: Called Strike
0-1: SINGLE (Groundball, 34D, EV 103.1 MPH)
Batting: RHB Mike Strey 0-0: Fly out, F9 (Flyball, 9, EV 86.9 MPH)
Batting: RHB Jose Molina 0-0: Foul Ball, location: 2F
0-1: Swinging Strike
0-2: Strikes out looking
Batting: RHB Willie Camacho 0-0: Foul Ball, location: 2F
0-1: SINGLE (Groundball, 13S, EV 67.5 MPH) (infield hit)
Mario Arriero to second
Batting: RHB Aukukero Tairi 0-0: Called Strike
0-1: Foul Ball, location: 2F
0-2: Strikes out swinging
Bottom of the 4th over - 0 runs, 2 hits, 0 errors, 2 left on base; Mahoning Valley 3 - Lowell 2
TOP OF THE 5TH
Mahoning Valley Scrappers batting - Pitching for Lowell Spinners : RHP Ryuhei Shimabukuro
Batting: RHB Leo Villa 0-0: Called Strike
0-1: Ball
1-1: SINGLE (Groundball, 56D, EV 105.6 MPH)
Batting: RHB Juan Ordonez 0-0: Called Strike
0-1: Foul Ball, location: 2F
0-2: Ball
1-2: Strikes out swinging
Batting: RHB Ricky Cordova 0-0: Ball
1-0: Foul Ball, location: 2F
1-1: Swinging Strike
1-2: Ball
2-2: Foul Ball, location: 2F
2-2: SINGLE (Groundball, 4MD, EV 76.9 MPH) (infield hit)
Leo Villa to second
Batting: RHB Leo Candelas 0-0: Ball
1-0: Foul Ball, location: 2F
1-1: Called Strike
1-2: Fielders Choice at 2nd, 3-6 (Groundball, 13, EV 81.2 MPH)
Leo Villa to third
Batting: RHB John Shaffer 0-0: Ball
1-0: Ball
2-0: Called Strike
2-1: Foul Ball, location: 2F
2-2: Ball
3-2: Fly out, F7 (Flyball, 78XD, EV 106.2 MPH)
Top of the 5th over - 0 runs, 2 hits, 0 errors, 2 left on base; Mahoning Valley 3 - Lowell 2
BOTTOM OF THE 5TH
Lowell Spinners batting - Pitching for Mahoning Valley Scrappers : LHP Steve Johnson
Batting: RHB Curt Stallings 0-0: Ball
1-0: Ball
2-0: Called Strike
2-1: Ground out 1-3 (Groundball, 13S, EV 70.6 MPH)
Batting: RHB Xavier Joslin 0-0: Foul Ball, location: 2F
0-1: Swinging Strike
0-2: Foul Ball, location: 2F
0-2: Foul Ball, location: 2F
0-2: Ball
1-2: Strikes out swinging
Batting: RHB Guillermo Quintero 0-0: Swinging Strike
0-1: Ground out 5-3 (Groundball, 5L, EV 110.0 MPH)
Bottom of the 5th over - 0 runs, 0 hits, 0 errors, 0 left on base; Mahoning Valley 3 - Lowell 2
TOP OF THE 6TH
Mahoning Valley Scrappers batting - Pitching for Lowell Spinners : RHP Ryuhei Shimabukuro
Pitching: LHP Jose Andujar
Batting: LHB Dave Key 0-0: Called Strike
0-1: Called Strike
0-2: Strikes out swinging
Batting: RHB Kevin Wiles 0-0: Swinging Strike
0-1: Called Strike
0-2: Ball
1-2: Foul Ball, location: 2F
1-2: Strikes out swinging
Batting: RHB Justin Young 0-0: Called Strike
0-1: Swinging Strike
0-2: Ball
1-2: Strikes out swinging
Top of the 6th over - 0 runs, 0 hits, 0 errors, 0 left on base; Mahoning Valley 3 - Lowell 2
BOTTOM OF THE 6TH
Lowell Spinners batting - Pitching for Mahoning Valley Scrappers : LHP Steve Johnson
Batting: RHB Matt Parker 0-0: Ball
1-0: Foul Ball, location: 2F
1-1: Called Strike
1-2: Fly out, F7 (Flyball, 78S, EV 83.8 MPH)
Batting: RHB Mario Arriero 0-0: Fly out, F8 (Flyball, 8LD, EV 80.0 MPH)
Batting: RHB Mike Strey 0-0: SINGLE (Groundball, 56D, EV 100.0 MPH)
Batting: RHB Jose Molina 0-0: Called Strike
0-1: Reached on error, E4 (Groundball, 4, EV 83.1 MPH)
Mike Strey to second
Batting: RHB Willie Camacho 0-0: Foul Ball, location: 2F
0-1: Fielders Choice at 2nd, U4 (Groundball, 4M, EV 107.5 MPH)
Bottom of the 6th over - 0 runs, 1 hit, 1 error, 2 left on base; Mahoning Valley 3 - Lowell 2
TOP OF THE 7TH
Mahoning Valley Scrappers batting - Pitching for Lowell Spinners : LHP Jose Andujar
Batting: RHB Aaron Stout 0-0: Called Strike
0-1: Ball
1-1: Ball
2-1: Foul Ball, location: 2F
2-2: Strikes out looking
Batting: RHB Leo Villa 0-0: Foul Ball, location: 2F
0-1: Fly out, F3 (Popup, 34, EV 55.6 MPH)
Batting: RHB Juan Ordonez 0-0: Foul Ball, location: 2F
0-1: Foul Ball, location: 2F
0-2: Strikes out swinging
Top of the 7th over - 0 runs, 0 hits, 0 errors, 0 left on base; Mahoning Valley 3 - Lowell 2
BOTTOM OF THE 7TH
Lowell Spinners batting - Pitching for Mahoning Valley Scrappers : LHP Steve Johnson
Now in RF: Jaquan Brown
Batting: RHB Aukukero Tairi 0-0: Ball
1-0: Ground out 6-3 (Groundball, 6, EV 85.6 MPH)
Batting: RHB Curt Stallings 0-0: Called Strike
0-1: Ball
1-1: Foul Ball, location: 2F
1-2: SINGLE (Groundball, 4M, EV 111.9 MPH) (infield hit)
Batting: RHB Xavier Joslin 0-0: Ball
1-0: Grounds into double play, 4-6-3 (Groundball, 4, EV 103.1 MPH)
Bottom of the 7th over - 0 runs, 1 hit, 0 errors, 0 left on base; Mahoning Valley 3 - Lowell 2
TOP OF THE 8TH
Mahoning Valley Scrappers batting - Pitching for Lowell Spinners : LHP Jose Andujar
Batting: RHB Ricky Cordova 0-0: Called Strike
0-1: Ball
1-1: Ball
2-1: Ball
3-1: Foul Ball, location: 2F
3-2: Strikes out looking
Batting: RHB Leo Candelas 0-0: Swinging Strike
0-1: Called Strike
0-2: Strikes out swinging
Batting: RHB John Shaffer 0-0: Swinging Strike
0-1: Ball
1-1: Swinging Strike
1-2: Ball
2-2: Foul Ball, location: 2F
2-2: Strikes out swinging
Top of the 8th over - 0 runs, 0 hits, 0 errors, 0 left on base; Mahoning Valley 3 - Lowell 2
BOTTOM OF THE 8TH
Lowell Spinners batting - Pitching for Mahoning Valley Scrappers : LHP Steve Johnson
Batting: RHB Guillermo Quintero 0-0: Called Strike
0-1: Reached on error, E6 (Groundball, 56D, EV 81.2 MPH)
Batting: RHB Matt Parker 0-0: Ball
1-0: Ball
2-0: Ball
3-0: Called Strike
3-1: Foul Ball, location: 2F
3-2: Foul Ball, location: 2F
3-2: SINGLE (Groundball, 56S, EV 68.8 MPH) (infield hit)
Guillermo Quintero to third
Pitching: RHP Danny Roe
Pinch Hitting: LHB Nelis Geurts 0-0: Fly out, F9 (Flyball, 9D, EV 100.6 MPH)
Runner from 3rd tags up, SCORES, no throw by RF
Pinch Hitting: SHB Salvador Padilla 0-0: Ball
1-0: Swinging Strike
1-1: Foul Ball, location: 2F
1-2: Fly out, F9 (Flyball, 9D, EV 90.0 MPH)
Batting: RHB Jose Molina 0-0: Ball
Wild Pitch!
Matt Parker to second
1-0: Ball
2-0: Swinging Strike
2-1: Foul Ball, location: 2F
2-2: Strikes out swinging, 2-3 out at first.
Bottom of the 8th over - 1 run, 1 hit, 1 error, 1 left on base; Mahoning Valley 3 - Lowell 3
TOP OF THE 9TH
Mahoning Valley Scrappers batting - Pitching for Lowell Spinners : LHP Jose Andujar
Now at C: Josiah Russell
Now in LF: Curt Stallings
Now in RF: Salvador Padilla
Batting: LHB Dave Key 0-0: Ball
1-0: Ball
2-0: Called Strike
2-1: SOLO HOME RUN (Line Drive, 89XD, EV 103.8 MPH), Distance : 406 ft
Batting: RHB Kevin Wiles 0-0: Called Strike
0-1: Ball
1-1: Ball
2-1: Called Strike
2-2: Ground out 6-3 (Groundball, 6, EV 85.0 MPH)
Batting: RHB Justin Young 0-0: Called Strike
0-1: Foul Ball, location: 2F
0-2: Ground out 5-3 (Groundball, 56S, EV 77.5 MPH)
Batting: RHB Aaron Stout 0-0: Swinging Strike
0-1: Ball
1-1: Called Strike
1-2: Strikes out swinging
Top of the 9th over - 1 run, 1 hit, 0 errors, 0 left on base; Mahoning Valley 4 - Lowell 3
BOTTOM OF THE 9TH
Lowell Spinners batting - Pitching for Mahoning Valley Scrappers : RHP Danny Roe
Batting: RHB Willie Camacho 0-0: Called Strike
0-1: Called Strike
0-2: Strikes out looking
Batting: RHB Aukukero Tairi 0-0: Swinging Strike
0-1: Ball
1-1: Foul Ball, location: 2F
1-2: Foul Ball, location: 2F
1-2: Foul Ball, location: 2F
1-2: Ground out 5-3 (Groundball, 5L, EV 87.5 MPH)
Batting: RHB Curt Stallings 0-0: Foul Ball, location: 2F
0-1: Swinging Strike
0-2: Ball
1-2: Ball
2-2: Foul Ball, location: 2F
2-2: Ball
3-2: Base on Balls
Batting: RHB Xavier Joslin 0-0: Foul Ball, location: 2F
0-1: Called Strike
0-2: Ball
1-2: Strikes out swinging
Bottom of the 9th over - 0 runs, 0 hits, 0 errors, 1 left on base; Mahoning Valley 4 - Lowell 3
Tuesday, March 28th , 2023 - OOTP Baseball 23.10 Build 110